 Dungeon Crawl Stone Soup version 0.23-a0-644-gb60d84b (webtiles) character file.

1038 Borgoz the Chopper (level 8, -6/68 HPs)
             Began as a Ghoul Abyssal Knight on Jan 1, 2019.
             Was a Priest of Lugonu.
             Mangled by Duvessa
             ... wielding a +0 short sword
              (10 damage)
             ... on level 5 of the Dungeon.
             The game lasted 00:10:24 (3410 turns).

Borgoz the Chopper (Ghoul Abyssal Knight)           Turns: 3410, Time: 00:10:25

Health: -6/68      AC:  5    Str: 15 (16) XL:     8   Next: 24%
Magic:  8/8        EV: 16    Int:  7      God:    Lugonu [***...]
Gold:   235        SH:  0    Dex: 15      Spells: 7/7 levels left

rFire    + . .     SeeInvis .   g - +0 war axe
rCold    + . .     Gourm    .   (no shield)
rNeg     + + +     Faith    .   r - +0 ring mail
rPois    ∞         Spirit   .   (no helmet)
rElec    .         Reflect  .   (no cloak)
rCorr    .         Harm     .   (no gloves)
MR       .....                  (no boots)
Stlth    ++........             (no amulet)
HPRegen  0.00/turn              o - ring of protection from fire
MPRegen  0.11/turn              (no ring)

@: agile, rotting
A: rotting body, claws 1, carnivore, cold resistance 1, negative energy
resistance 3, inhibited regeneration, torment resistance, unbreathing
a: Depart the Abyss, Bend Space, Banish, Renounce Religion


You were on level 5 of the Dungeon.
You worshipped Lugonu.
Lugonu was most pleased with you.
You were not hungry.

You visited 1 branch of the dungeon, and saw 5 of its levels.
You visited the Abyss 1 time.
You also visited: Sewer.

You collected 235 gold pieces.

Inventory:

Hand Weapons
 g - a +0 war axe (weapon)
Missiles
 s - 3 tomahawks (quivered)
Armour
 r - a +0 ring mail (worn)
Jewellery
 o - a ring of protection from fire (left claw)
Scrolls
 e - 3 scrolls of remove curse
 f - 4 scrolls of identify {unknown}
 h - 2 scrolls of fog {unknown}
 i - 4 scrolls of teleportation {unknown}
 n - a scroll of amnesia {unknown}
 w - a scroll of magic mapping
 x - a scroll of enchant weapon {unknown}
Potions
 d - a potion of flight
 j - a potion of resistance {unknown}
 l - 3 potions of degeneration {unknown}
 m - a potion of curing
 p - a potion of brilliance {unknown}
Comestibles
 c - 9 rations
 u - 4 chunks of flesh


   Skills:
 + Level 5.3 Fighting
 * Level 6.8 Axes
 + Level 3.8 Armour
 + Level 2.2 Dodging
 + Level 2.0 Invocations


You had 7 spell levels left.
You didn't know any spells.
Your spell library contained the following spells:

 Spells                   Type           Power        Failure   Level  Hunger
 Magic Dart               Conj           #...         65%         1    ##.....
 Searing Ray              Conj           #.....       78%         2    ###....
 Dazzling Spray           Conj/Hex       #.....       95%         3    ####...
 Force Lance              Conj/Tloc      #.......     100%        4    #####..
 Fulminant Prism          Conj/Hex       #.........   100%        4    #####..
 Iskenderun's Mystic Bla  Conj           #.......     100%        4    #####..


Dungeon Overview and Level Annotations

Branches:
Dungeon (5/15)
 Temple: D:4-7

Altars:

Annotations:
D:5 Duvessa


Innate Abilities, Weirdness & Mutations

Your body is rotting away.
You thrive on raw meat.
You are immune to poison.
You have sharp fingernails.
You are carnivorous and can eat meat at any time.
Your flesh is cold resistant. (rC+)
You are immune to negative energy. (rN+++)
You do not regenerate when monsters are visible.
You are immune to unholy pain and torment.
You can survive without breathing.


Message History

Duvessa goes berserk!
You completely miss Duvessa. Duvessa hits you with a +0 short sword.
Duvessa barely misses you.
You hit Duvessa.
Duvessa is almost dead.
Duvessa barely misses you. Duvessa hits you with a +0 short sword!
You hit Duvessa but do no damage.
Duvessa is almost dead.
Duvessa completely misses you. x2
You closely miss Duvessa.
Duvessa is almost dead.
Duvessa hits you but does no damage. Duvessa closely misses you.
You barely miss Duvessa.
Duvessa is almost dead.
Duvessa completely misses you.
You hit Duvessa.
Duvessa is almost dead.
Duvessa hits you with a +0 short sword!!
* * * LOW HITPOINT WARNING * * *
Duvessa hits you with a +0 short sword!
You die...

##........##
......§....###
.......##....#
#......###..####
##..##......##.###
........)#.......##
......).###.......#
.[.....## ##......#
......>####....#@e###
.......##.....##.)..#
....#(..#...........#**
...##..............##,**
.##*##.#...$.......#*,,**
.*** ###.......##....,,,*
,*,***#..##.....###...,**
,,,,....###...........**
,**.##.###...........##*


You could see Duvessa (berserk).

Vanquished Creatures
  Menkaure (D:5)
  An ice beast (D:5)
  A phantom (D:5)
  4 big kobolds (Sewer)
  Dowan (D:5)
  A hound (D:4)
  An orc wizard (D:5)
  3 worker ants
  A hound skeleton (D:5)
  3 gnolls (D:5)
  8 adders
  2 river rats (D:5)
  2 shadow imps (D:5)
  An ooze (Sewer)
  An adder skeleton (D:5)
  5 worms
  4 dart slugs
  4 leopard geckos
  11 orcs
  2 giant cockroaches (Sewer)
  8 goblins
  9 hobgoblins
  4 jackals
  2 ball pythons (D:5)
  7 bats
  6 frilled lizards
  A jackal skeleton (D:5)
  17 kobolds
  A leopard gecko skeleton (D:5)
  10 rats
122 creatures vanquished.

Notes
Turn   | Place    | Note
-------+----------+-------------------------------------------
     0 | Abyss:1  | Borgoz the Ghoul Abyssal Knight began the quest for the
                  | Orb.
     0 | Abyss:1  | Reached XP level 1. HP: 19/19 MP: 1/1
    52 | Abyss:1  | Noticed a large abomination
    84 | Abyss:2  | Noticed a small abomination
    86 | D:1      | Escaped the Abyss
   292 | D:1      | Reached skill level 2 in Axes
   292 | D:1      | Reached XP level 2. HP: 26/26 MP: 2/2
   540 | D:1      | Reached * piety under Lugonu
   640 | D:1      | Reached skill level 1 in Dodging
   909 | D:1      | Reached XP level 3. HP: 27/33 MP: 3/3
  1466 | D:2      | Reached XP level 4. HP: 37/40 MP: 4/4
  1784 | D:3      | Reached skill level 3 in Axes
  2115 | D:3      | Reached ** piety under Lugonu
  2143 | D:3      | Reached XP level 5. HP: 44/46 MP: 5/5
  2547 | D:4      | Found Parcheps's Jewellery Shoppe.
  2587 | D:5      | Entered Level 5 of the Dungeon
  2617 | D:5      | Reached skill level 4 in Axes
  2671 | D:5      | Reached XP level 6. HP: 46/53 MP: 6/6
  2699 | D:5      | Noticed a phantom
  2723 | D:5      | Killed a phantom
  2771 | D:5      | Found a glowing drain.
  2807 | Sewer    | Entered a sewer
  2850 | Sewer    | Reached skill level 5 in Axes
  2850 | Sewer    | Reached XP level 7. HP: 21/59 MP: 7/7
  3079 | Sewer    | Reached *** piety under Lugonu
  3252 | D:5      | Noticed Menkaure
  3255 | D:5      | Killed Menkaure
  3255 | D:5      | Reached skill level 5 in Fighting
  3255 | D:5      | Reached skill level 6 in Axes
  3308 | D:5      | Reached XP level 8. HP: 60/68 MP: 8/8
  3359 | D:5      | Noticed Dowan
  3359 | D:5      | Noticed Duvessa
  3405 | D:5      | Killed Dowan
  3410 | D:5      | Mangled by Duvessa

Vault maps used:
D:1:      saegor_arrival_under_anarchy
D:2:      first_ration, serial_bayou_pond_c, corexii_leaking_fountain
D:4:      lemuel_round_altar, serial_shops, shop, minmay_increasing_density
D:5:      portal_sewer_entry_e, serial_shops, shop, kennysheep_generic_room_4,
          uniq_menkaure, uniq_crazy_yiuf_cottage, uniq_duvessa
Abyss:1:  hangedman_cross_veins
Sewer:    kennysheep_pipe_town

Skill      XL: |  1  2  3  4  5  6  7 |
---------------+----------------------+-----
Axes           | 2 3 4 5 6 |  6.8
Dodging        | 1 2 |  2.2
Fighting       | 4 5 |  5.3
Armour         | 2 3 |  3.8
Invocations    | |  2.0

Action                   |  1- 3 |  4- 6 |  7- 9 || total
-------------------------+-------+-------+-------++-------
Melee: Hand axe          |   138 |    10 |       ||   148
       War axe           |       |   170 |   118 ||   288
Invok: Depart the Abyss  |     1 |       |       ||     1
  Use: Scroll            |       |     2 |     1 ||     3
       Potion            |       |     3 |    14 ||    17
  Eat: Chunk             |    16 |    21 |     7 ||    44
Armor: Leather armour    |    31 |     2 |       ||    33
       Ring mail         |       |    74 |    42 ||   116
Dodge: Dodged            |    70 |   139 |   111 ||   320

Table legend:
 A = Non-vault XP
 B = Vault XP
 C = Vault XP percentage of total XP
 D = Non-vault monster count
 E = Vault monster count
 F = Vault count percentage of total count
                 A         B        C        D         E       F
            +---------+---------+-------+---------+---------+-------
      Total |     765 |     718 |  48.4 |      88 |      34 |  27.9
            +---------+---------+-------+---------+---------+-------
        D:1 |      39 |       0 |   0.0 |      20 |       0 |   0.0
        D:2 |      63 |       0 |   0.0 |      20 |       0 |   0.0
        D:3 |      86 |       0 |   0.0 |      18 |       0 |   0.0
        D:4 |      58 |       0 |   0.0 |       2 |       0 |   0.0
        D:5 |     519 |     286 |  35.5 |      28 |      10 |  26.3
      Sewer |       0 |     432 | 100.0 |       0 |      24 | 100.0
            +---------+---------+-------+---------+---------+-------
